AoeStats
← FlamingToasty

Oasis

510218650Analyzed
3v3 RM · 3d ago on Sep 30, 2026· 63m 32s· 6 players
Game mode
Random Map
Map size
Normal (6 player)
Population
200
Speed
Normal
Resources
Standard
Victory
Conquest
Starting age
Dark Age
Ending age
Imperial Age
RankedLock teamsTeams togetherTeam positionsShared explorationLock speedFull tech treeHidden civsTurbo modeCheats
Victory
Defeat
🇺🇸 Saxons · United States
895
+14
🇺🇸 Varangians · United States
880
+14
🇺🇸 Persians · United States
838
+16
🇺🇸 Franks · United States
938
-53
🇺🇸 Romans · United States
796
-33
🇺🇸 Spanish · United States
796
-33
DARLIIIIIIIIIIIIIING
10:27 Loom
12:12 Feudal Age
13:36 Horse Collar
13:43 Double-Bit Axe
16:50 Castle Age
27:02 Imperial Age
26:13 Wheelbarrow
25:23 Town Watch
29:00 Heavy Scorpion
31:28 Hand Cart
33:19 Guilds
34:11 Fletching
36:05 Gold Mining
36:05 Stone Mining
36:29 Ballistas
36:43 Caravan
36:59 Bodkin Arrow
37:38 Ballistics
38:18 Chemistry
38:27 Forging
38:19 Scale Mail Armor
41:09 Conscription
41:11 Comitatenses
40:44 Pikeman
41:26 Squires
45:35 Halberdier
53:38 Iron Casting
53:19 Chain Mail Armor
FlamingToasty
12:19 Feudal Age
13:39 Double-Bit Axe
15:33 Gold Mining
20:02 Castle Age
18:40 Scale Barding Armor
21:02 Bow Saw
22:11 Stone Mining
25:04 Forging
25:16 Chain Barding Armor
26:50 Loom
27:40 Wheelbarrow
26:51 Town Watch
31:17 Hand Cart
37:58 Gold Shaft Mining
37:55 Caravan
40:29 Iron Casting
39:46 Fletching
39:56 Padded Archer Armor
47:20 Imperial Age
48:20 Elite Throwing Axeman
49:44 Murder Holes
49:38 Arrowslits
51:49 Ballistics
52:35 Blast Furnace
52:46 Cavalier
Qued's Bane
13:27 Feudal Age
17:12 Double-Bit Axe
19:07 Gold Mining
22:32 Castle Age
21:12 Horse Collar
22:11 Loom
24:19 Heavy Plow
29:18 Loom
31:14 Bow Saw
32:35 Pikeman
33:31 Squires
43:09 Man-at-Arms
43:34 Gambesons
56:48 Fletching
56:59 Padded Archer Armor
61:25 Leather Archer Armor
61:05 Bodkin Arrow
Ratbass
7:36 Loom
12:05 Feudal Age
18:35 Castle Age
17:47 Double-Bit Axe
21:23 Wheelbarrow
23:17 Squires
23:32 Horse Collar
26:23 Pikeman
26:57 Gambesons
30:36 Heavy Plow
30:33 Gold Mining
31:32 Forging
31:23 Scale Mail Armor
35:21 Imperial Age
35:38 Chain Mail Armor
35:59 Iron Casting
35:14 Fletching
35:52 Halberdier
37:49 Conscription
39:36 Chemistry
38:19 Treadmill Crane
39:40 Shield Wall
40:57 Capped Ram
42:30 Plate Mail Armor
42:14 Siege Ram
44:49 Elite Varangian Guard
49:37 Arson
49:49 Bodkin Arrow
49:55 Padded Archer Armor
50:32 Caravan
63:37 Bracer
Lorde Stephen
8:52 Loom
11:58 Feudal Age
12:27 Horse Collar
12:36 Double-Bit Axe
14:18 Loom
17:34 Forging
22:01 Castle Age
21:29 Scale Barding Armor
22:16 Bloodlines
22:44 Bow Saw
22:50 Caravan
23:52 Light Cavalry
24:34 Husbandry
27:23 Iron Casting
27:08 Chain Barding Armor
30:14 Chain Barding Armor
33:31 Imperial Age
32:07 Kamandaran
33:01 Crossbowman
33:21 Hussar
36:05 Conscription
35:58 Citadels
35:57 Thumb Ring
38:07 Blast Furnace
41:18 Cavalier
42:40 Plate Barding Armor
44:46 Masonry
47:33 Murder Holes
47:44 Capped Ram
50:16 Fletching
50:27 Padded Archer Armor
53:51 Bodkin Arrow
54:12 Leather Archer Armor
54:22 Ballistics
55:03 Chemistry
55:20 Savar
56:17 Siege Ram
60:28 Architecture
59:26 Heavy Camel Rider
Kurt_Ruslin
4:44 Loom
14:06 Feudal Age
19:05 Double-Bit Axe
24:13 Castle Age
23:02 Horse Collar
24:26 Bloodlines
24:29 Scale Barding Armor
24:35 Forging
26:39 Wheelbarrow
26:16 Husbandry
27:33 Town Watch
30:46 Iron Casting
35:31 Hand Cart
38:49 Gold Mining
45:21 Imperial Age
43:47 Gambesons
44:03 Squires
44:09 Squires
43:56 Arson
45:05 Caravan
46:28 Elite Varangian Guard
48:20 Capped Ram
49:24 Conscription
50:55 Man-at-Arms
52:01 Siege Ram
52:56 Siege Engineers
53:52 Chemistry
52:45 Gothikon
55:37 Bow Saw
55:37 Heavy Plow
56:11 Scale Mail Armor
57:13 Blast Furnace
Connection lost

Rejoining the realm…

Still unreachable

The connection could not be restored.

Session expired

The server has moved on; the page needs a fresh start.